 Dungeon Crawl Stone Soup version 0.29.1-1-gd02db6906a (webtiles) character file.

Game seed: 3484444992386968324

59021 wingedge the Cruncher (level 14, -1/121 HPs)
             Began as a Demigod Earth Elementalist on Oct 18, 2022.
             Slain by a cane toad (18 damage)
             ... on level 4 of the Lair of Beasts on Oct 19, 2022.
             The game lasted 01:37:39 (25437 turns).

wingedge the Cruncher (Demigod Earth Elementalist) Turns: 25437, Time: 01:37:40

Health: -1/121     AC: 15    Str: 24    XL:     14   Next: 16%
Magic:  3/27       EV: 13    Int: 31    God:
Gold:   421        SH:  5    Dex: 12    Spells: 5/24 levels left

rFire   + . .      SeeInvis .   a - +12 quarterstaff of Punishment {vamp, Str+4 Int+6}
rCold   + + .      Faith    .   (shield currently unavailable)
rNeg    + . .      Spirit   .   O - +1 ring mail "Agych" {rC+ Will+++ Int-3 Slay+2}
rPois   +          Reflect  +   X - +2 helmet
rElec   +          Harm     .   x - scarf {rC+ rF+}
rCorr   .          Rampage  .   R - +2 pair of gloves {Str+3}
Will    ++++.                   Z - +0 pair of boots
Stlth   +.........              c - amulet "Qitix" {Reflect +Blink SH+5}
HPRegen 0.30/turn               m - ring of Uniramer {rElec rPois}
MPRegen 0.20/turn               f - ring of Nuim Caluuk {Fly rN+ Int+3 Dex-2}

@: brilliant, flying
A: high MP 1, forlorn, divine attributes
a: Evoke Blink


You were on level 4 of the Lair of Beasts.
You visited 3 branches of the dungeon, and saw 17 of its levels.
You also visited: Sewer.

You collected 1973 gold pieces.
You spent 1552 gold pieces at shops.

Inventory:

Hand Weapons
 a - the +12 quarterstaff of Punishment (weapon) {vamp, Str+4 Int+6}
   (You found it on level 5 of the Dungeon)

   It occasionally heals its wielder for a portion of the damage dealt when it
   wounds a living foe.
   Str:       It affects your strength (+4).
   Int:       It affects your intelligence (+6).
 h - the +8 flail of Baleful Reinforcement {holy, Str+6}
   (You found it on level 4 of the Lair of Beasts)

   It has been blessed by the Shining One to cause great damage to the undead
   and demons.
   Str:       It affects your strength (+6).
 W - a +0 lajatang
Missiles
 e - 3 throwing nets
 K - a javelin (quivered)
Armour
 x - a scarf of resistance (worn)
 O - the +1 ring mail "Agych" (worn) {rC+ Will+++ Int-3 Slay+2}
   (You found it on level 10 of the Dungeon)

   Int:       It affects your intelligence (-3).
   Slay:      It affects your accuracy & damage with ranged weapons and melee
   (+2).
   rC:        It protects you from cold.
   Will:      It greatly increases your willpower.
 Q - +0 acid dragon scales
 R - a +2 pair of gloves of strength (worn)
 V - +0 fire dragon scales
 X - a +2 helmet (worn)
 Z - a +0 pair of boots (worn)
Jewellery
 c - the amulet "Qitix" (around neck) {Reflect +Blink SH+5}
   (You took it off a skeletal warrior on level 10 of the Dungeon)

   [amulet of reflection]

   It reflects blocked missile attacks.
   +Blink:    It lets you blink.
   SH:        It affects your SH (+5).
 f - the ring of Nuim Caluuk (right hand) {Fly rN+ Int+3 Dex-2}
   (You found it on level 10 of the Dungeon)

   [ring of flight]

   Int:       It affects your intelligence (+3).
   Dex:       It affects your dexterity (-2).
   rN:        It protects you from negative energy.
   Fly:       It grants you flight.
 j - a +4 ring of evasion
 m - the ring of Uniramer (left hand) {rElec rPois}
   (You bought it in a shop on level 6 of the Dungeon)

   [ring of poison resistance]

   rElec:     It insulates you from electricity.
   rPois:     It protects you from poison.
 s - a ring of see invisible
 u - the ring "Pupiruost" {Fly rF- rC+ Int+2}
   (You found it on level 10 of the Dungeon)

   [ring of protection from cold]

   Int:       It affects your intelligence (+2).
   rF:        It makes you vulnerable to fire.
   rC:        It protects you from cold.
   Fly:       It grants you flight.
 F - the ring "Vep Dir" {*Corrode +Blink Fly rC+ rN++}
   (You took it off a deep elf pyromancer on level 10 of the Dungeon)

   [ring of protection from cold]

   rC:        It protects you from cold.
   rN:        It greatly protects you from negative energy.
   Fly:       It grants you flight.
   +Blink:    It lets you blink.
   *Corrode:  It may corrode you when you take damage.
 U - an amulet of regeneration
Wands
 D - a wand of roots (7)
Scrolls
 b - 2 scrolls of poison
 d - 2 scrolls of silence
 k - 8 scrolls of teleportation
 q - 2 scrolls of enchant weapon
 v - a scroll of torment
 w - a scroll of vulnerability {unknown}
 y - 5 scrolls of magic mapping
 C - a scroll of enchant armour {unknown}
 E - 2 scrolls of immolation
 I - 3 scrolls of amnesia
 L - 2 scrolls of blinking
 S - 7 scrolls of butterflies
 Y - a scroll of brand weapon {unknown}
Potions
 g - 7 potions of curing
 i - a potion of heal wounds
 l - 2 potions of might
 n - 3 potions of ambrosia
 p - 2 potions of magic
 r - a potion of haste
 t - a potion of brilliance
 z - 4 potions of flight
 A - 2 potions of mutation
 B - a potion of resistance
 G - 3 potions of cancellation {unknown}
 H - a potion of attraction {unknown}
 J - 4 potions of berserk rage
 M - 3 potions of lignification {unknown}
 T - a potion of invisibility {unknown}


   Skills:
 - Level 10.0 Fighting
 - Level 14.0 Staves
 - Level 3.0 Throwing
 - Level 6.0 Armour
 - Level 6.0 Dodging
 - Level 2.0 Stealth
 - Level 1.0 Shields
 + Level 5.9 Spellcasting
 - Level 6.0 Conjurations
 - Level 4.0 Necromancy
 - Level 9.0 Translocations
 - Level 0.8 Transmutations
 - Level 6.0 Earth Magic


You had 5 spell levels left.
You knew the following spells:

 Your Spells              Type           Power      Damage    Failure   Level
a - Sandblast             Erth           100%       2d20      1%          1
b - Stone Arrow           Conj/Erth      100%       3d13      1%          3
c - Blink                 Tloc           100%       N/A       1%          2
d - Lesser Beckoning      Tloc           78%        N/A       1%          3
e - Apportation           Tloc           100%       N/A       1%          1
f - Manifold Assault      Tloc           78%        N/A       4%          5
g - Dispel Undead         Necr           50%        3d19      14%         4

Your spell library contained the following spells:

 Spells                   Type           Power      Damage    Failure   Level
 Passwall                 Tmut/Erth      37%        N/A       2%          2
 Static Discharge         Conj/Air       41%        3-9/arc   3%          2
 Vampiric Draining        Necr           50%        2d9       4%          3
 Dazzling Flash           Conj/Hex       82%        N/A       6%          3
 Slow                     Hex            52%        N/A       8%          1
 Petrify                  Tmut/Erth      45%        N/A       17%         4
 Confusing Touch          Hex            13%        N/A       22%         3
 Sticky Flame             Conj/Fire      41%        2d6       22%         4
 Agony                    Necr           50%        N/A       36%         5
 Alistair's Intoxication  Tmut/Pois      11%        N/A       86%         5
 Silence                  Hex/Air        6%         N/A       90%         5


Dungeon Overview and Level Annotations

Branches:
Dungeon (10/15)            Temple (0/1) D:5            Lair (5/5) D:8
 Shoals (0/4) Lair:2        Snake (0/4) Lair:2        Slime (0/5) Lair:4
    Orc (2/2) D:9             Elf (0/3) Orc:2         Sewer (visited)

Shops:
D:1 :   D:6 =   D:8 (   Orc:2 =[=*

Annotations:
Lair:4 1 transporter, hawla's ghost, journeyman MeAE
Lair:5 2 runed translucent doors, wingedge's ghost, journeyman DgCj


Innate Abilities, Weirdness & Mutations

You have an increased reservoir of magic. (+10% MP)
You shall have no god before yourself.
Your divine heritage dramatically boosts your attributes as you level up.


Message History

You feel very sick.
The black mamba bites you but does no damage.
Hawla's ghost hits you! Hawla's ghost freezes you.
The boulder beetle looks as sick as possible!
The cane toad stings you!
* * * LOW HITPOINT WARNING * * *
You block the black mamba's attack.
Unknown command.
Unknown command.
Casting: Dispel Undead (dangerous; 14% risk of failure)
Confirm with . or Enter, or press ? or * to list all spells.
You feel a surge of power!
Space momentarily warps into an impossible shape!
You barely miss hawla's ghost.
You hit the lightning spire but do no damage.
You barely miss the komodo dragon. You closely miss the black mamba.
You feel sick. The black mamba closely misses you.
The cane toad closely misses you. Hawla's ghost closely misses you.
The boulder beetle is engulfed in poison gas.
The boulder beetle looks as sick as possible!
Unknown command.
You feel much better.
You feel very sick. You block the black mamba's attack.
The cane toad stings you! The black mamba barely misses you.
Hawla's ghost hits you but does no damage.
The boulder beetle is engulfed in poison gas.
The boulder beetle looks as sick as possible!
The boulder beetle bites you!!
* * * LOW HITPOINT WARNING * * *
Blink to where?
Press: ? - help, Dir - move target, p - hawla's ghost
As you read the scroll of blinking, it crumbles to dust.
You feel very sick.
You feel better.
The boulder beetle is engulfed in poison gas.
The boulder beetle looks as sick as possible!
You kill the boulder beetle!
The cane toad attacks as you move away! The cane toad stings you!!
You die...

...###...............##
##..P#
..###.......©.......##
#P...#
..###...#########...##
#...###
#......##8....(8##..P#
##.^..#
..##...#..○..8...#..##
#...##
P..##..#.##...##.#..#
##..##
..###..#.##°.W##.#..#
#....#
=......#.°..©○☼F☼#..#
#....#
...#...#.##...##@#..#
#...##
..##...#.##...##.#..##
#...#
....#..#........©#...#
#...#
...#...##8.[!!$8##...#
##..#
...##...#########...P#
#...# #
..P##.......©.......##
#...###
..####..............##
##..... #.#
##......####...P#
#...... #.# #.#.....#
##...# ##..###


You could see a cane toad and hawla's ghost.

Vanquished Creatures
  Gastronok (Lair:2)
  2 orc warlords (Orc:2)
  A dire elephant (Lair:5)
  A boulder beetle (Lair:4)
  8 hydras
  2 catoblepae
  4 two-headed ogres
  A tengu warrior (D:10)
  A deep troll shaman (Lair:5)
  4 death yaks (Lair:5)
  An orc high priest (Orc:2)
  Amaemon (Lair:3)
  A skeletal warrior (D:10)
  8 orc knights
  A deep elf pyromancer (D:10)
  4 orc sorcerers (Orc:2)
  3 cyclopes
  An ugly thing (D:10)
  A merfolk siren (Lair:2)
  14 elephants
  4 black mambas
  A torpor snail (Lair:4)
  7 cane toads
  An orange demon (Lair:3)
  A torpor snail (shapeshifter) (D:10)
  A kobold demonologist (D:10)
  Maggie (D:8)
  3 rime drakes
  10 komodo dragons
  6 trolls
  5 polar bears
  A hornet (D:10)
  4 saltlings (Orc:2)
  3 slime creatures
  3 blink frogs (Lair:4)
  5 dream sheep (Lair:4)
  A shadow (D:9)
  Sigmund (D:2)
  34 yaks
  A wyvern (Lair:1)
  3 basilisks
  A steam dragon (Lair:2)
  2 nagas (Lair:2)
  4 wargs
  10 water moccasins
  3 acid dragons
  A sky beast (D:7)
  23 orc warriors
  A black bear (D:5)
  9 ogres
  16 wolves
  3 centaurs
  3 kobold brigands
  A scorpion (D:7)
  14 bullfrogs
  A necrophage (D:7)
  10 wights
  7 killer bees
  8 electric eels
  2 jellies (D:8)
  2 gnoll boudas
  18 orc priests
  2 hounds (D:5)
  3 iguanas
  12 orc wizards
  A centaur simulacrum (D:10)
  14 gnolls
  12 adders
  5 river rats (Sewer)
  A white imp (D:8)
  An ufetubus (D:4)
  4 worms
  2 dart slugs
  67 orcs
  A bat (D:3)
  6 endoplasms
  2 giant cockroaches
  9 goblins
  4 hobgoblins
  11 jackals
  2 quokkas (D:1)
  11 ball pythons
  8 frilled lizards
  13 kobolds
  4 rats
  A butterfly (Lair:5)
  2 pillars of salt (Orc:2)
493 creatures vanquished.

Vanquished Creatures (others)
  15 fungi
  6 pillars of salt (Orc:2)
  45 plants
66 creatures vanquished.

Grand Total: 559 creatures vanquished

Notes
Turn   | Place    | Note
-------+----------+-------------------------------------------
     0 | D:1      | wingedge the Demigod Earth Elementalist began the quest for
                  | the Orb.
     0 | D:1      | Reached XP level 1. HP: 14/14 MP: 5/5
   372 | D:1      | Found Piuc's Book Boutique.
   431 | D:1      | Reached XP level 2. HP: 20/20 MP: 4/7
  1190 | D:2      | Noticed Sigmund
  1351 | D:2      | Reached XP level 3. HP: 26/26 MP: 4/8
  1387 | D:2      | Learned a level 3 spell: Stone Arrow
  2277 | D:3      | Found a glowing drain.
  2285 | D:3      | Reached skill level 1 in Shields
  2294 | Sewer    | Entered a sewer
  2456 | Sewer    | Noticed a kobold brigand
  2458 | Sewer    | Reached XP level 4. HP: 33/33 MP: 5/9
  2467 | Sewer    | Killed a kobold brigand
  2584 | Sewer    | Reached skill level 5 in Earth Magic
  2588 | Sewer    | Reached XP level 5. HP: 36/38 MP: 3/10
  2695 | Sewer    | Reached skill level 1 in Conjurations
  4658 | D:5      | Entered Level 5 of the Dungeon
  4662 | D:5      | Reached XP level 6. HP: 45/45 MP: 7/11
  4707 | D:5      | Noticed a water moccasin
  4730 | D:5      | Killed a water moccasin
  5050 | D:5      | Reached skill level 5 in Conjurations
  5051 | D:5      | Reached XP level 7. HP: 50/50 MP: 7/13
  5193 | D:5      | Found a staircase to the Ecumenical Temple.
  5994 | D:5      | Identified the +12 quarterstaff of Punishment {vamp, Str+4
                  | Int+6}
  6163 | D:5      | Learned a level 2 spell: Blink
  6273 | D:6      | Identified the +9 flail of the Final Chapter {protect, rC+
                  | Str+2}
  6415 | D:6      | Reached skill level 1 in Staves
  6415 | D:6      | Reached skill level 1 in Translocations
  6645 | D:6      | Reached skill level 2 in Staves
  7228 | D:6      | Reached XP level 8. HP: 57/57 MP: 7/14
  7246 | D:6      | Reached skill level 3 in Staves
  7411 | D:6      | Reached skill level 4 in Staves
  7603 | D:6      | Found Debrouzi's Jewellery Emporium.
  8136 | D:2      | Killed Sigmund
  8496 | D:7      | Reached skill level 5 in Staves
  8496 | D:7      | Reached skill level 1 in Fighting
  8593 | D:6      | Reached skill level 6 in Staves
  9134 | D:7      | Reached XP level 9. HP: 69/69 MP: 9/16
  9146 | D:7      | Reached skill level 1 in Armour
  9647 | D:8      | Noticed Maggie
  9658 | D:8      | Killed Maggie
  9659 | D:8      | Reached skill level 5 in Fighting
 10140 | D:8      | Found Usewir's Antique Weapon Shop.
 10275 | D:8      | Found a staircase to the Lair.
 10276 | D:8      | Noticed a komodo dragon
 10293 | D:8      | Killed a komodo dragon
 10523 | D:9      | Reached skill level 7 in Staves
 10533 | D:9      | Reached XP level 10. HP: 58/81 MP: 6/19
 10658 | D:9      | Noticed a two-headed ogre
 10940 | D:9      | Reached skill level 8 in Staves
 10999 | D:9      | Found a staircase to the Orcish Mines.
 11026 | D:9      | Noticed a two-headed ogre
 11027 | D:9      | Killed a two-headed ogre
 11733 | D:9      | Reached skill level 1 in Throwing
 11969 | D:6      | Bought the ring of Uniramer {rElec rPois} for 476 gold
                  | pieces
 12122 | D:9      | Noticed an eight-headed hydra
 12125 | D:9      | Killed an eight-headed hydra
 12399 | Lair:1   | Entered Level 1 of the Lair of Beasts
 12400 | Lair:1   | Noticed a four-headed hydra
 12406 | Lair:1   | Noticed a black mamba
 12408 | Lair:1   | Killed a four-headed hydra
 12415 | D:8      | Killed a black mamba
 12416 | D:8      | Reached skill level 9 in Staves
 12738 | Lair:1   | Reached XP level 11. HP: 89/89 MP: 10/20
 12798 | Lair:1   | Learned a level 3 spell: Lesser Beckoning
 12888 | Lair:1   | Reached skill level 10 in Staves
 13310 | Lair:1   | Noticed a seven-headed hydra
 13317 | Lair:1   | Killed a seven-headed hydra
 13318 | Lair:1   | Reached skill level 11 in Staves
 13398 | Lair:1   | Noticed a seven-headed hydra
 13407 | Lair:1   | Killed a seven-headed hydra
 13896 | Lair:2   | Found a staircase to the Snake Pit.
 14063 | Lair:2   | Found a staircase to the Shoals.
 14319 | Lair:2   | Noticed Gastronok
 14333 | Lair:2   | Killed Gastronok
 14334 | Lair:2   | Reached skill level 5 in Armour
 14334 | Lair:2   | Reached skill level 5 in Dodging
 14632 | Lair:2   | Learned a level 1 spell: Apportation
 15555 | Lair:3   | Noticed Amaemon
 15561 | Lair:3   | Killed Amaemon
 15683 | Lair:3   | Identified the +3 chain mail of the Echidna {rElec rN+}
 15713 | Lair:3   | Reached XP level 12. HP: 101/101 MP: 14/21
 15926 | Lair:3   | Reached skill level 12 in Staves
 16548 | Lair:4   | Found a runed translucent door.
 16549 | Lair:4   | Found a staircase to the Slime Pits.
 16730 | Lair:4   | Found a transporter.
 16735 | Lair:4   | Noticed a boulder beetle
 16737 | Lair:4   | Noticed hawla's ghost (journeyman MeAE)
 16738 | Lair:4   | Found a transporter.
 16796 | Lair:4   | Identified the +8 flail of Baleful Reinforcement {holy,
                  | Str+6}
 16853 | Lair:4   | Reached skill level 13 in Staves
 17269 | Lair:4   | Noticed a catoblepas
 17277 | Lair:4   | Noticed a six-headed hydra
 17297 | Lair:4   | Killed a six-headed hydra
 17316 | Lair:4   | Killed a catoblepas
 18087 | Lair:5   | Entered Level 5 of the Lair of Beasts
 18092 | Lair:5   | Reached skill level 14 in Staves
 18207 | Lair:5   | Noticed a seven-headed hydra
 18218 | Lair:5   | Killed a seven-headed hydra
 18333 | Lair:5   | Found a large runed translucent door.
 18334 | Lair:5   | Found a large runed translucent door.
 18353 | Lair:5   | Learned a level 5 spell: Manifold Assault
 18403 | Lair:5   | Noticed a five-headed hydra
 18408 | Lair:5   | Killed a five-headed hydra
 18619 | Lair:5   | Noticed a catoblepas
 18657 | Lair:5   | Reached skill level 5 in Translocations
 18657 | Lair:5   | Reached XP level 13. HP: 104/111 MP: 1/22
 18801 | Lair:5   | Noticed a dire elephant
 18817 | Lair:5   | Killed a dire elephant
 19360 | Lair:5   | Noticed wingedge's ghost (journeyman DgCj)
 20057 | D:1      | Bought a book of Touch for 260 gold pieces
 20062 | D:1      | Learned a level 4 spell: Dispel Undead
 20266 | Orc:1    | Entered Level 1 of the Orcish Mines
 20293 | Orc:1    | Reached skill level 1 in Necromancy
 20501 | Orc:1    | Reached skill level 5 in Spellcasting
 20805 | Orc:2    | Entered Level 2 of the Orcish Mines
 20805 | Orc:2    | Found a staircase to the Elven Halls.
 21618 | Orc:2    | Paralysed by an orc sorcerer for 3 turns
 22222 | Orc:2    | Noticed an orc warlord
 22236 | Orc:2    | Killed an orc warlord
 22237 | Orc:2    | Reached skill level 10 in Fighting
 23105 | Orc:2    | Found Natogeon's Armour Shoppe.
 23112 | Orc:2    | Bought a +2 scale mail of willpower for 336 gold pieces
 23134 | Orc:2    | Found Kiemmaig's Jewellery Shoppe.
 23137 | Orc:2    | Found Senwo's General Store.
 23152 | Orc:2    | Bought a potion of berserk rage for 75 gold pieces
 23152 | Orc:2    | Bought a potion of degeneration for 15 gold pieces
 23152 | Orc:2    | Bought a potion of heal wounds for 75 gold pieces
 23152 | Orc:2    | Bought a potion of mutation for 120 gold pieces
 23156 | Orc:2    | Bought a ring of see invisible for 195 gold pieces
 23183 | Orc:2    | Noticed an orc warlord
 23209 | Orc:2    | Killed an orc warlord
 23346 | Orc:2    | Found Cozodghicw's Jewellery Shop.
 23674 | D:10     | Entered Level 10 of the Dungeon
 23851 | D:10     | Identified the +1 ring mail "Agych" {rC+ Will+++ Int-3
                  | Slay+2}
 23968 | D:10     | Identified the +10 falchion of Spite {venom, Str+2}
 24282 | D:10     | Reached XP level 14. HP: 121/121 MP: 18/25
 24804 | D:10     | Identified the ring "Pupiruost" {Fly rF- rC+ Int+2}
 24806 | D:10     | Identified the ring "Vep Dir" {*Corrode +Blink Fly rC+
                  | rN++}
 24829 | D:10     | Identified the amulet "Qitix" {Reflect +Blink SH+5}
 24994 | D:10     | Identified the ring of Nuim Caluuk {Fly rN+ Int+3 Dex-2}
 25437 | Lair:4   | Slain by a cane toad

Illustrated notes

Levels and vault maps discovered:
D:1:      nzn_arrival_crosshair, layout_basic, serial_shops,
          nicolae_shop_window_shopping, hellmonk_ecumenical_altar_inner_sanctum,
          minmay_unequal
D:2:      layout_basic, grunt_ministairs_13, uniq_sigmund
D:3:      layout_basic, cheibrodos_sewer_entry_bend
D:4:      layout_basic
D:5:      layout_loops_corners, minmay_temple_entry_antechambers
D:6:      layout_layer_cave, serial_shops, nicolae_stop_n_shop_1,
          grunt_ministairs_2
D:7:      layout_rooms, nicolae_overflow_squiral, st_stairs_6
D:8:      layout_cave_pools, david_lair_shrubbed, serial_shops,
          kennysheep_mini_moat, uniq_maggie
D:9:      layout_irregular_city, erik_orc_4, serial_bayou, serial_bayou_pond_a,
          serial_bayou_shore_b, serial_bayou_pond_b, serial_bayou_lagoon_b,
          serial_bayou_crossing
D:10:     minmay_the_grid_triangle_9x9_rhombus_full
          [minmay_the_grid_triangle_9x9_corruption,
          minmay_the_grid_triangle_9x9_corrupted_corridor,
          minmay_the_grid_triangle_9x9_zippers_horizontal,
          minmay_the_grid_triangle_9x9_empty,
          minmay_the_grid_triangle_9x9_shrine,
          minmay_the_grid_triangle_9x9_from_above,
          minmay_the_grid_triangle_9x9_windchime,
          minmay_the_grid_triangle_9x9_prize_special], layout_irregular_city
Lair:1:   layout_regular_city
Lair:2:   layout_layer_cave, elwin_shoals_entry_rooms,
          guppyfry_snake_entry_island, chequers_serial_rivers_micro_e,
          uniq_gastronok
Lair:3:   layout_cave_shapes, uniq_amaemon
Lair:4:   layout_long_grid, slime_entry_2, gammafunk_ghost_arena,
          lemuel_fruit_fields
Lair:5:   grunt_lair_end_beastmaster, layout_misc_corridors,
          ebering_ghost_disaster_area, lemuel_fruit_fields
Orc:1:    layout_caves, basic_altar
Orc:2:    hellmonk_orc_salted, layout_caves, mines1_david

Skill      XL: |  1  2  3  4  5  6  7  8  9 10 11 12 13 14 |
---------------+-------------------------------------------+-----
Earth Magic    | 3 4 5 6 |  6.0
Dodging        | 2 3 4 5 6 |  6.0
Spellcasting   | 2 3 4 5 |  5.9
Shields        | 1 |  1.0
Stealth        | 2 |  2.0
Conjurations   | 3 5 6 |  6.0
Staves         | 2 6 7 9 11 14 | 14.0
Translocations | 1 2 3 5 9 |  9.0
Fighting       | 3 5 6 8 9 10 | 10.0
Armour         | 3 4 5 6 |  6.0
Throwing       | 3 |  3.0
Necromancy     | 3 4 |  4.0
Transmutations | |  0.8

Action                   |  1- 3 |  4- 6 |  7- 9 | 10-12 | 13-15 || total
-------------------------+-------+-------+-------+-------+-------++-------
Melee: Short sword       |     2 |       |       |       |       ||     2
       Hand axe          |     2 |       |       |       |       ||     2
       Dagger            |     5 |    13 |       |       |       ||    18
       Whip              |       |     2 |       |       |       ||     2
       Quarterstaff      |       |       |   106 |   402 |   610 ||  1118
Throw: Throwing net      |     1 |       |     1 |     1 |       ||     3
       Dart              |       |    10 |    10 |       |       ||    20
       Javelin           |       |       |       |     7 |     1 ||     8
 Cast: Sandblast         |    68 |    92 |     3 |     1 |       ||   164
       Stone Arrow       |       |     1 |    79 |   172 |    55 ||   307
       Manifold Assault  |       |       |       |     3 |    87 ||    90
       Blink             |       |       |       |       |     1 ||     1
       Dispel Undead     |       |       |       |       |     2 ||     2
Evoke: Wand              |       |       |       |       |     2 ||     2
  Use: Scroll            |     5 |     4 |     4 |     4 |     8 ||    25
       Potion            |       |     1 |     3 |       |    14 ||    18
 Stab: Sleeping          |     1 |       |       |     1 |     1 ||     3
       Petrified         |       |       |       |     6 |       ||     6
       Fleeing           |       |       |       |       |     1 ||     1
Armor: Leather armour    |     3 |     6 |     6 |       |       ||    15
       Robe              |       |       |    19 |     6 |     4 ||    29
       Acid dragon scale |       |       |       |    87 |    25 ||   112
       Fire dragon scale |       |       |       |       |    28 ||    28
       Scale mail        |       |       |       |       |     4 ||     4
       Ring mail         |       |       |       |       |    21 ||    21
Dodge: Dodged            |    14 |    20 |   104 |   263 |   187 ||   588
Block: Kite shield       |     4 |    19 |       |       |       ||    23
       Other             |       |       |       |       |    16 ||    16
       Reflection        |       |       |       |       |     1 ||     1
